[Event "*** Titled Tuesday Blitz"]
[Site "Chess.com"]
[Date "2021.04.20"]
[Round "6"]
[White "stanyga"]
[Black "MaevskiyNikolay"]
[Result "0-1"]
[WhiteElo "2600"]
[BlackElo "2481"]
[TimeControl "180+1"]
[EndTime "11:04:52 PDT"]
[Termination "MaevskiyNikolay won by checkmate"]

1. e4 c6 2. d4 d5 3. e5 Bf5 4. Nf3 e6 5. Be2 Nd7 6. O-O Bg6 7. Nbd2 Nh6 8. Nb3 Nf5 9. a4 h5 10. a5 a6 11. Bd2 Rc8 12. c4 Be7 13. h3 h4 14. Rc1 Bh5 15. Qe1 Nf8 16. Bb4 Ng6 17. Bxe7 Ngxe7 18. Nc5 Bxf3 19. Bxf3 Rc7 20. Qc3 dxc4 21.
Rfd1 Nd5 22. Qxc4 O-O 23. Ne4 Rc8 24. Qc5 Nf4 25. Kh1 Rb8 26. Bg4 Ne7 27. Nd6 Nc8 28. Nc4 Qd5 29. Qb4 Qxg2# 0-1

[Event "*** Titled Tuesday Blitz"]
[Site "Chess.com"]
[Date "2021.04.20"]
[Round "6"]
[White "gumimis"]
[Black "hedgehog280"]
[Result "0-1"]
[WhiteElo "2322"]
[BlackElo "2560"]
[TimeControl "180+1"]
[EndTime "11:04:52 PDT"]
[Termination "hedgehog280 won on time"]

1. e4 c6 2. d4 d5 3. Nc3 dxe4 4. Nxe4 Nf6 5. Nxf6+ exf6 6. c3 Bd6 7. Bd3 O-O 8. Qc2 Re8+ 9. Ne2 h5 10. O-O h4 11.
Nf4 Qc7 12. g3 Bg4 13. f3 Bc8 14. Bd2 Nd7 15. Rae1 Rxe1 16. Rxe1 Nf8 17. Re8 hxg3 18. hxg3 b6 19. Bh7+ Kh8 20. Be3 Bb7 21. Rxf8+ Bxf8 22. Qh2 Bd6 23. Bg6+ Kg8 24. Qh7+ Kf8 25. Qh8+ Ke7 26. Qxg7 Rf8 27. Nh5 Kd8 28. Nxf6 fxg6 29. Qxg6 Qf7 30.
Qf5 Bc8 31. Bg5 Bxf5 32. Nd5+ Kd7 0-1

[Event "*** Titled Tuesday Blitz"]
[Site "Chess.com"]
[Date "2021.04.20"]
[Round "6"]
[White "tusplingher"]
[Black "alejogarcia1999"]
[Result "0-1"]
[WhiteElo "2261"]
[BlackElo "2461"]
[TimeControl "180+1"]
[EndTime "11:04:53 PDT"]
[Termination "alejogarcia1999 won by checkmate"]

1. e4 c5 2. d4 cxd4 3. c3 d5 4.
exd5 Qxd5 5. cxd4 e6 6. Nf3 Nf6 7. Nc3 Qd6 8. Bd3 Nc6 9. O-O Be7 10. Nb5 Qd8 11. Be3 O-O 12. Rc1 a6 13. Nc3 Nb4 14. Bb1 b5 15. Ne5 Bb7 16. Bg5 Nbd5 17. Qd3 g6 18. Bh6 Re8 19. Rfe1 Nxc3 20. bxc3 Qd5 21.
Qh3 Rac8 22. Bg5 Rc7 23. f3 Nh5 24. Be4 Qxa2 25. Rc2 Qb3 26. Bxb7 Qxc2 27. Nxf7 Bxg5 28.
Nxg5 Rxb7 29. Nxe6 Rbe7 30. d5 Qxc3 31. Qg4 Qxe1# 0-1

[Event "*** Titled Tuesday Blitz"]
[Site "Chess.com"]
[Date "2021.04.20"]
[Round "6"]
[White "VladimirBugayev"]
[Black "JoachimMouhamad"]
[Result "0-1"]
[WhiteElo "2268"]
[BlackElo "2461"]
[TimeControl "180+1"]
[EndTime "11:04:54 PDT"]
[Termination "JoachimMouhamad won on time"]

1. e4 e5 2. Nf3 Nc6 3. d4 exd4 4. Nxd4 Nf6 5. Nxc6 bxc6 6. e5 Qe7 7. Qe2 Nd5 8.
h4 f6 9. c4 Nb6 10. exf6 gxf6 11.
b3 d5 12. Be3 Bf5 13. Nd2 O-O-O 14. c5 Nd7 15. Qa6+ Kb8 16. Qxc6 d4 17. Qb5+ Nb6 18. cxb6 axb6 19. Qxf5 dxe3 20. Ne4 Qb4+ 21. Ke2 Bh6 22. Kf3 Rhe8 23. Bc4 Rd4 24. Rhd1 Rdxe4 25. Rd8+ Rxd8 26. Qxe4 exf2 0-1

[Event "*** Titled Tuesday Blitz"]
[Site "Chess.com"]
[Date "2021.04.20"]
[Round "6"]
[White "Mikhal867"]
[Black "Nikolaj_6"]
[Result "0-1"]
[WhiteElo "2438"]
[BlackElo "2613"]
[TimeControl "180+1"]
[EndTime "11:04:56 PDT"]
[Termination "Nikolaj_6 won by resignation"]

1. c4 e5 2. Nc3 Nf6 3. g3 Bb4 4. Nd5 Nxd5 5. cxd5 O-O 6. Bg2 d6 7. a3 Bc5 8. e3 a5 9. Ne2 f5 10. d4 Bb6 11. dxe5 dxe5 12. Bd2 Nd7 13. Bc3 Qe7 14. Qb3 Kh8 15. O-O Nf6 16. Rad1 Bc5 17.
Qc4 Bd6 18. h3 b6 19. Qh4 Ba6 20. Rfe1 Qf7 21. f4 Bxe2 22. Rxe2 e4 23. Bxf6 gxf6 24. g4 fxg4 25. hxg4 Rg8 26. Kh1 f5 27. g5 Rg6 28.
Bh3 Rag8 29. Rh2 Be7 30. Qe1 R8g7 31. Qc3 Kg8 32. Qc6 Rxc6 33. dxc6 Bd6 34. Rc2 Qb3 35. Rdc1 Qxe3 36. Bxf5 Qxf4 37. Be6+ Kh8 0-1

[Event "*** Titled Tuesday Blitz"]
[Site "Chess.com"]
[Date "2021.04.20"]
[Round "6"]
[White "Didici"]
[Black "davigator"]
[Result "1-0"]
[WhiteElo "2601"]
[BlackElo "2427"]
[TimeControl "180+1"]
[EndTime "11:04:57 PDT"]
[Termination "Didici won by resignation"]

1. e4 c5 2. Be2 Nc6 3. d3 g6 4. f4 Bg7 5. Nf3 d6 6. O-O e6 7. c3 Nge7 8. Be3 O-O 9. Nbd2 b6 10. a3 Rb8 11. Rc1 d5 12. e5 d4 13. cxd4 Nxd4 14. Nxd4 cxd4 15. Bf2 h5 16. Qa4 Nf5 17. Qxa7 Bb7 18.
Bf3 Bd5 19. Qc7 b5 20. Qxd8 Rfxd8 21. Bxd5 exd5 22. Nb3 Ne3 23. Bxe3 dxe3 24. d4 b4 25. a4 Ra8 26. a5 f6 27. Rc7 fxe5 28. fxe5 Rf8 29. Re1 Bh6 30. Rc2 Rfc8 31. Rec1 Rxc2 32. Rxc2 Kf7 33. Kf1 Ke6 34. Ke2 Rf8 35. Kd3 Rf1 36.
Nc5+ Ke7 37. Nb3 Kd7 38. a6 Rf8 39. Rc5 Ke6 40. a7 Ra8 41. Ra5 h4 42. Nc5+ Ke7 43. Na4 Bf4 44. Nb6 Rg8 45. a8=Q Rxa8 46. Rxa8 Bxh2 47.
Kxe3 g5 48. Nxd5+ Ke6 49. Ke4 g4 50. Rg8 g3 51. Nf4+ Kf7 52. Rh8 1-0

[Event "*** Titled Tuesday Blitz"]
[Site "Chess.com"]
[Date "2021.04.20"]
[Round "6"]
[White "MateusViageiro"]
[Black "leopato"]
[Result "1-0"]
[WhiteElo "2282"]
[BlackElo "2117"]
[TimeControl "180+1"]
[EndTime "11:04:57 PDT"]
[Termination "MateusViageiro won by checkmate"]

1. e4 c5 2. Nf3 d6 3. d4 cxd4 4. Nxd4 Nf6 5. Nc3 Nc6 6. f3 g6 7. Be3 Bg7 8. Qd2 O-O 9. Bc4 Nd7 10. O-O-O Nb6 11. Be2 Ne5 12. b3 Qc7 13. Kb1 Be6 14. Ncb5 Qd7 15. c4 a6 16. Nxe6 fxe6 17. Nd4 Rac8 18. Nxe6 Qxe6 19. Bxb6 Nc6 20. Qd5 Qf7 21. Qxf7+ Rxf7 22. h4 Ne5 23. Bd4 e6 24. h5 g5 25.
Be3 h6 26. Rxd6 Rc6 27. Rhd1 Bf8 28. Rxc6 Nxc6 29. c5 Kg7 30. Bc4 Kf6 31. a3 Ke5 32. b4 Be7 33. Kc2 Rf8 34. Kc3 Rd8 35. Rxd8 Bxd8 36.
a4 Na7 37. b5 axb5 38. axb5 Ba5+ 39. Kd3 Nc8 40. g3 Ne7 41. Bd4# 1-0

[Event "*** Titled Tuesday Blitz"]
[Site "Chess.com"]
[Date "2021.04.20"]
[Round "6"]
[White "moro182"]
[Black "CrushingKings"]
[Result "1-0"]
[WhiteElo "2707"]
[BlackElo "2504"]
[TimeControl "180+1"]
[EndTime "11:04:58 PDT"]
[Termination "moro182 won by resignation"]

1. d4 Nf6 2. c4 g6 3. Nc3 Bg7 4. e4 d6 5. Bd3 Nbd7 6. Nge2 e5 7. d5 a5 8. O-O Nc5 9. Bc2 Nh5 10. Be3 b6 11. Qd2 Bd7 12. b3 h6 13. a3 Bf6 14. b4 Nb7 15. Ba4 Bxa4 16. Nxa4 Nf4 17. Nac3 Nxe2+ 18. Qxe2 Bg5 19. Nb5 O-O 20. Qg4 Kg7 21.
f4 exf4 22. Bxf4 Re8 23. Bxg5 hxg5 24. Ra2 Qe7 25. Raf2 Rf8 26. Rf6 axb4 27. axb4 Qxf6 28. Rxf6 Kxf6 29. h3 Ra1+ 30. Kh2 Re8 31. Qf3+ Kg7 32.
Qc3+ 1-0

[Event "*** Titled Tuesday Blitz"]
[Site "Chess.com"]
[Date "2021.04.20"]
[Round "6"]
[White "sorrm8thatscheckm8"]
[Black "The_filthy"]
[Result "1-0"]
[WhiteElo "2576"]
[BlackElo "2422"]
[TimeControl "180+1"]
[EndTime "11:04:58 PDT"]
[Termination "sorrm8thatscheckm8 won on time"]

1. d4 d5 2. c4 c6 3. cxd5 cxd5 4. Nc3 Nf6 5. f3 Nc6 6. e4 dxe4 7. d5 Ne5 8. fxe4 a6 9. Nf3 Nxf3+ 10. Qxf3 e5 11.
Qg3 Qd6 12. Be2 Bd7 13. O-O O-O-O 14. Be3 Kb8 15. a3 h5 16. Rac1 Ng4 17. Bxg4 hxg4 18. Rxf7 Qg6 19. Rcf1 Bd6 20. Bb6 Be8 21. R7f5 Rc8 22.
Be3 Bd7 23. Rg5 Qh7 24. Rf7 Bb5 25. Rgxg7 Qxg7 26. Rxg7 Rhf8 27. h3 gxh3 28. Qxh3 Rf1+ 29. Kh2 Re1 30. Bb6 Rf8 31. Nxb5 axb5 32. Qd7 1-0

[Event "*** Titled Tuesday Blitz"]
[Site "Chess.com"]
[Date "2021.04.20"]
[Round "6"]
[White "ZAbdumalik"]
[Black "eduardoperalta"]
[Result "0-1"]
[WhiteElo "2620"]
[BlackElo "2495"]
[TimeControl "180+1"]
[EndTime "11:05:02 PDT"]
[Termination "eduardoperalta won by resignation"]

1. e4 c5 2. Nf3 Nc6 3. d4 cxd4 4. Nxd4 Nf6 5. Nc3 d6 6. Bg5 e6 7. Qd2 Be7 8. O-O-O O-O 9. f3 a6 10. h4 Qc7 11. g4 Rd8 12. Be3 b5 13. Nxc6 Qxc6 14. h5 b4 15. Ne2 d5 16. e5 Nd7 17. f4 Nc5 18. Bg2 b3 19. a3 bxc2 20. Qxc2 a5 21. Nd4 Qb7 22. g5 Bd7 23. Qe2 Rdc8 24. Kb1 Na4 25. Ka1 Rab8 26. Rb1 Rc4 27. g6 Nc5 28.
gxf7+ Kxf7 29. Rhd1 Rxd4 30. Bxd4 Nb3+ 31. Ka2 Bb5 32.
Qf2 Bc4 33. Bf1 Qb5 34. Bxc4 Qxc4 35. Qf1 Nc1+ 0-1

[Event "*** Titled Tuesday Blitz"]
[Site "Chess.com"]
[Date "2021.04.20"]
[Round "6"]
[White "pirulillo"]
[Black "Trickster_Pony"]
[Result "0-1"]
[WhiteElo "2208"]
[BlackElo "1605"]
[TimeControl "180+1"]
[EndTime "11:05:02 PDT"]
[Termination "Trickster_Pony won by resignation"]

1. e4 c5 2. Nf3 g6 3. d4 cxd4 4. Nxd4 Bg7 5. c4 Nc6 6. Nc3 Nf6 7. Be3 O-O 8. Be2 d6 9. O-O Nxd4 10. Bxd4 Bd7 11.
Qd3 a5 12. Rfd1 Bc6 13. f3 Nd7 14. b3 Nc5 15. Qd2 Qc7 16. Rac1 Rad8 17. Rb1 e5 18. Be3 Ne6 19. Nb5 Bxb5 20. cxb5 Nd4 21. Bc4 Kh8 22.
Rdc1 Qb6 23. a4 Rc8 24. Bd5 f5 25. Bxd4 exd4 26. Qd3 fxe4 27. fxe4 Rc3 28. Rxc3 dxc3+ 29. Kh1 Qd4 30. Qxd4 Bxd4 31. Rc1 Be3 0-1

[Event "*** Titled Tuesday Blitz"]
[Site "Chess.com"]
[Date "2021.04.20"]
[Round "6"]
[White "WinstonSilvakov"]
[Black "RobPeresian"]
[Result "0-1"]
[WhiteElo "2080"]
[BlackElo "2411"]
[TimeControl "180+1"]
[EndTime "11:05:03 PDT"]
[Termination "RobPeresian won by resignation"]

1. d4 d5 2. e3 Nf6 3. Bd3 g6 4. h4 Bf5 5. h5 Bxd3 6. Qxd3 Nxh5 7. Qb5+ Nd7 8. Qxd5 c6 9. Qf3 Nhf6 10. c4 Bg7 11. Nc3 e5 12. Nge2 exd4 13. exd4 O-O 14. Bh6 Qa5 15. Bxg7 Kxg7 16. O-O-O b5 17. cxb5 cxb5 18.
Kb1 b4 19. Ne4 Nxe4 20. Qxe4 Nf6 21. Qe3 h5 22. Qd3 Rfd8 23. f3 Rd5 24. Nf4 Rf5 25. Ne2 Rg5 26. g4 hxg4 27. f4 Rh5 28. Ng3 Rxh1 29. Rxh1 Rh8 30. Rxh8 Kxh8 31. Qe2 Qd5 32.
Qe5 Qxe5 33. fxe5 Nh5 34. Kc2 Nxg3 35. Kd3 Kg8 0-1

[Event "*** Titled Tuesday Blitz"]
[Site "Chess.com"]
[Date "2021.04.20"]
[Round "6"]
[White "bazar-wokzal"]
[Black "davidkalashian"]
[Result "1/2-1/2"]
[WhiteElo "2705"]
[BlackElo "2533"]
[TimeControl "180+1"]
[EndTime "11:05:05 PDT"]
[Termination "Game drawn by repetition"]

1. e4 c6 2. d4 g6 3. Nc3 Bg7 4. h4 h5 5. Nf3 d6 6. Ng5 Nf6 7. Bf4 b5 8. e5 dxe5 9. dxe5 Qxd1+ 10. Rxd1 Ng4 11. e6 f6 12. Nf7 O-O 13. Nd8 Ne5 14. Bxe5 fxe5 15. Ne4 Re8 16. Be2 Na6 17. g4 Nb4 18. c4 Nc2+ 19. Kf1 Nd4 20. Rxd4 exd4 21. Nxc6 Bxe6 22. cxb5 hxg4 23. Rg1 Bf6 24. Nxf6+ exf6 25. Nxd4 Kg7 26. Nxe6+ Rxe6 27. Rxg4 f5 28. Rc4 Rae8 29.
Bf3 Kf6 30. Rc7 R8e7 31. Rc8 Re8 32. Rc7 R8e7 33. Rc8 Re8 34. Rc7 1/2-1/2

[Event "*** Titled Tuesday Blitz"]
[Site "Chess.com"]
[Date "2021.04.20"]
[Round "6"]
[White "Kotofeyca"]
[Black "enriquebutti"]
[Result "0-1"]
[WhiteElo "2318"]
[BlackElo "2064"]
[TimeControl "180+1"]
[EndTime "11:05:05 PDT"]
[Termination "enriquebutti won on time"]

1. d4 Nf6 2. c4 e6 3. Nf3 b6 4. g3 Ba6 5. Qa4 c5 6. Bg2 Bb7 7. dxc5 Bxc5 8. O-O O-O 9. Rd1 Ne4 10.
e3 d5 11. cxd5 exd5 12. a3 a5 13. Nbd2 Qe7 14. Qc2 Nxf2 15. Re1 Ng4 16. Nb3 Bxe3+ 17. Bxe3 Nxe3 18. Qd3 Re8 19. Nbd4 Qe4 20. Qb3 Nc6 21.
Nxc6 Bxc6 22. Qxb6 d4 23. Qxd4 Qxd4 24. Nxd4 Bxg2 25. Re2 Rad8 0-1

[Event "*** Titled Tuesday Blitz"]
[Site "Chess.com"]
[Date "2021.04.20"]
[Round "6"]
[White "vinniethepooh"]
[Black "Artyom_ChessMate"]
[Result "1-0"]
[WhiteElo "2742"]
[BlackElo "2542"]
[TimeControl "180+1"]
[EndTime "11:05:06 PDT"]
[Termination "vinniethepooh won by resignation"]

1. d4 d5 2. c4 e6 3. Nc3 Nf6 4. cxd5 exd5 5. Bg5 c6 6. e3 Qb6 7. Bd3 Qxb2 8. Nge2 Bb4 9. Rc1 Ne4 10. Bxe4 dxe4 11. O-O O-O 12. Rb1 Qa3 13. Nxe4 Bf5 14. N2g3 Bg6 15.
Qb3 Qxb3 16. Rxb3 a5 17. a3 f6 18. axb4 fxg5 19. bxa5 Rxa5 20. Rxb7 h5 21. Nc5 h4 22.
Nge4 Na6 23. Nxg5 Nxc5 24. dxc5 Bd3 25. Rc1 Ra2 26. f3 Re8 27. e4 Bb5 28. h3 Rd8 29. Kh2 Rdd2 30. Rb8+ 1-0

[Event "*** Titled Tuesday Blitz"]
[Site "Chess.com"]
[Date "2021.04.20"]
[Round "6"]
[White "Gusarov91"]
[Black "Oligan22"]
[Result "1-0"]
[WhiteElo "2647"]
[BlackElo "2492"]
[TimeControl "180+1"]
[EndTime "11:05:06 PDT"]
[Termination "Gusarov91 won by resignation"]

1. d4 Nf6 2. Nf3 e6 3. c4 b6 4. g3 Ba6 5. Qa4 Bb7 6. Bg2 c5 7. dxc5 bxc5 8. O-O Nc6 9. Nc3 Be7 10. Rd1 O-O 11. Bf4 Qb6 12. Qb5 h6 13. Qxb6 axb6 14.
b3 Rfc8 15. Bd6 Kf8 16. Bxe7+ Kxe7 17. Rd2 d6 18. Rad1 Rd8 19. e3 Rd7 20. Ne1 Ne8 21. Nd3 Nc7 22. Nb2 Na5 23. Nba4 Bxg2 24. Kxg2 Rb8 25.
f4 Nc6 26. Kf3 Nd8 27. h4 Nc6 28. h5 Rb7 29. g4 Rb8 30. Kf2 Rb7 31. e4 Rb8 32. e5 Ne8 33. Nb5 d5 34. cxd5 exd5 35. Rxd5 Rxd5 36. Rxd5 Nb4 37. Rd2 Rb7 38. a3 Nc6 39. Nac3 Ke6 40. Ke3 Nc7 41. Rd6+ Ke7 42. Rxc6 1-0

[Event "*** Titled Tuesday Blitz"]
[Site "Chess.com"]
[Date "2021.04.20"]
[Round "6"]
[White "Aslanov_Umid"]
[Black "Pelopidass"]
[Result "1-0"]
[WhiteElo "2469"]
[BlackElo "2549"]
[TimeControl "180+1"]
[EndTime "11:05:06 PDT"]
[Termination "Aslanov_Umid won by resignation"]

1. e4 c5 2. Nf3 d6 3. d4 cxd4 4.
Nxd4 Nf6 5. Nc3 a6 6. a3 Nc6 7. Be2 Nxd4 8. Qxd4 e5 9. Qd1 h6 10. Be3 Be6 11. O-O Be7 12. f4 Rc8 13. Qe1 O-O 14. Qg3 Rxc3 15. bxc3 Nxe4 16. Qf3 Nxc3 17. f5 Bd5 18.
Qg4 Nxe2+ 19. Qxe2 Bc6 20. Kh1 d5 21. Qg4 Kh7 22.
f6 Bxf6 23. Qf5+ Kg8 24. Bxh6 d4 25. Rae1 Qd5 26. Qg4 Kh7 27. Rxf6 Qxg2+ 28. Qxg2 Bxg2+ 29. Kxg2 Rc8 30. Rxf7 Kxh6 1-0

[Event "*** Titled Tuesday Blitz"]
[Site "Chess.com"]
[Date "2021.04.20"]
[Round "6"]
[White "Piccadilly123"]
[Black "lucachess49"]
[Result "0-1"]
[WhiteElo "2234"]
[BlackElo "2442"]
[TimeControl "180+1"]
[EndTime "11:05:06 PDT"]
[Termination "lucachess49 won by checkmate"]

1. e4 e5 2. Nf3 Nc6 3. d4 exd4 4. Bc4 Nf6 5. e5 d5 6. Bb5 Ne4 7. Nxd4 Bc5 8. O-O Bd7 9. Bxc6 bxc6 10. f3 Ng5 11. Be3 Ne6 12. f4 Bxd4 13. Bxd4 c5 14. Bc3 Bc6 15. Qg4 h5 16. Qg3 h4 17. Qg4 h3 18. f5 hxg2 19. Re1 Ng5 20. f6 Nh3+ 21. Kxg2 d4+ 22. Kg3 Qd5 23. Re2 Ng1 24. Rf2 Rh3+ 25. Kf4 Qe4+ 26. Kg5 Qxe5+ 27. Qf5 Qe3+ 28. Qf4 gxf6+ 29.
Kxf6 Qe6+ 30. Kg7 Qg6# 0-1

[Event "*** Titled Tuesday Blitz"]
[Site "Chess.com"]
[Date "2021.04.20"]
[Round "6"]
[White "RiskyDecision"]
[Black "Iskusnyh"]
[Result "1-0"]
[WhiteElo "2468"]
[BlackElo "2609"]
[TimeControl "180+1"]
[EndTime "11:05:09 PDT"]
[Termination "RiskyDecision won on time"]

1. d4 d5 2. c4 e6 3. Nf3 dxc4 4. e3 Nf6 5. Bxc4 a6 6. O-O b5 7. Be2 Bb7 8. a4 b4 9. Nbd2 c5 10. dxc5 Bxc5 11. Ne5 Nbd7 12. Ndc4 Nxe5 13. Nxe5 O-O 14.
Bf3 Bxf3 15. Qxf3 Qc7 16. Nc4 Rfd8 17. b3 Rd5 18. Bb2 Be7 19. a5 Rad8 20. Rfd1 h6 21.
Rxd5 exd5 22. Nb6 Qc2 23. Bxf6 Bxf6 24. Qd1 Qc5 25. Ra2 Bc3 26. Qd3 d4 27. Nc4 Re8 28. e4 f5 29. Re2 fxe4 30. Rxe4 Rxe4 31. Qxe4 Qb5 32. h4 1-0

[Event "*** Titled Tuesday Blitz"]
[Site "Chess.com"]
[Date "2021.04.20"]
[Round "6"]
[White "Korchmar_Vasiliy"]
[Black "Aleksey_Sorokin"]
[Result "1-0"]
[WhiteElo "2655"]
[BlackElo "2813"]
[TimeControl "180+1"]
[EndTime "11:05:10 PDT"]
[Termination "Korchmar_Vasiliy won by resignation"]

1. d4 Nf6 2. Nf3 g6 3. Bg5 Ne4 4. Bh4 Nd6 5. Nbd2 Nf5 6. Bg5 Bg7 7. c3 h6 8. Bf4 g5 9. Be5 g4 10. Bxg7 Nxg7 11. Ne5 d6 12. Nd3 f5 13. g3 h5 14. h3 Kf7 15. Qb3+ e6 16. Bg2 Nc6 17.
e4 h4 18. O-O-O hxg3 19. exf5 gxh3 20. Bxh3 d5 21. fxe6+ Bxe6 22. Bxe6+ Nxe6 23. Rxh8 Qxh8 24. Qxb7 g2 25. Qxc6 Rg8 26. Nf3 Qh1 27. Rg1 Qh3 28. Qxd5 Ke7 29. Nde5 Qh6+ 30. Kb1 Rg7 31. a3 Nf4 32.
Qd7+ Kf6 33. Qc6+ Ne6 34. d5 Kf5 35. Qxe6+ Qxe6 36. dxe6 Kxe6 37. Nd3 Kf5 38. Nde1 1-0

[Event "*** Titled Tuesday Blitz"]
[Site "Chess.com"]
[Date "2021.04.20"]
[Round "6"]
[White "winniethepooh04"]
[Black "bsnsun"]
[Result "0-1"]
[WhiteElo "2248"]
[BlackElo "2437"]
[TimeControl "180+1"]
[EndTime "11:05:13 PDT"]
[Termination "bsnsun won by checkmate"]

1. e4 e5 2. Nf3 Nc6 3. Bc4 Nf6 4. d3 Bc5 5. c3 d6 6. O-O a6 7. d4 exd4 8. cxd4 Bb6 9. Bg5 h6 10. Bh4 Bg4 11. d5 Ne5 12. Be2 Nxf3+ 13. Bxf3 Bxf3 14.
Qxf3 Qe7 15. Nc3 O-O-O 16. Rac1 g5 17. Bg3 h5 18. Qf5+ Kb8 19. e5 Nd7 20. exd6 cxd6 21. Ne4 Ka7 22. Nxd6 h4 23. Nxf7 hxg3 24. Nxh8 gxf2+ 25.
Kh1 Rxh8 26. d6 Qxd6 27. Rcd1 Qxh2# 0-1

[Event "*** Titled Tuesday Blitz"]
[Site "Chess.com"]
[Date "2021.04.20"]
[Round "6"]
[White "chesshermar"]
[Black "ClydeHillKid"]
[Result "0-1"]
[WhiteElo "2216"]
[BlackElo "2417"]
[TimeControl "180+1"]
[EndTime "11:05:14 PDT"]
[Termination "ClydeHillKid won by resignation"]

1. e4 e6 2. d4 d5 3. Nd2 Nf6 4. e5 Nfd7 5. f4 c5 6. c3 Nc6 7. Ndf3 Qa5 8. Kf2 cxd4 9. cxd4 f6 10. g3 fxe5 11. fxe5 Be7 12. Bh3 Qb6 13. Kg2 Nf8 14.
Ne2 Ng6 15. Bg5 Bxg5 16. Nxg5 O-O 17. Nxe6 Bxe6 18. Bxe6+ Kh8 19. Bxd5 Ncxe5 20. Qb3 Ng4 21. Qxb6 axb6 22. Bxb7 Ne3+ 23. Kh3 Ra5 24. g4 Rf2 25. Rac1 h6 26. Rc8+ Kh7 27. Be4 Rxe2 28. Kg3 Nf1+ 29.
Kf3 Re3+ 30. Kg2 Rxe4 31. Rxf1 Rxa2 32. Rf2 Rxg4+ 33. Kh3 Rxd4 34. Rc7 Rf4 35. Rd2 Ne5 36.
Re2 Rf7 37. Rc3 Rf3+ 38. Rxf3 Nxf3 39. Kg3 Nd4 40. h4 Nxe2+ 0-1

[Event "*** Titled Tuesday Blitz"]
[Site "Chess.com"]
[Date "2021.04.20"]
[Round "6"]
[White "lider34"]
[Black "DanielTitichoca"]
[Result "0-1"]
[WhiteElo "2441"]
[BlackElo "2293"]
[TimeControl "180+1"]
[EndTime "11:05:15 PDT"]
[Termination "DanielTitichoca won by resignation"]

1. e4 c5 2. c3 e5 3. Nf3 Nc6 4. Bc4 Nf6 5. Ng5 d5 6. exd5 Na5 7.
Bb5+ Bd7 8. Bxd7+ Qxd7 9. O-O Qxd5 10. d4 O-O-O 11. Qa4 Nc6 12. dxe5 Nxe5 13. Qxa7 Bd6 14. Bf4 h6 15. Nh3 g5 16. Bg3 Ne4 17. Na3 Bb8 18. Qa8 f5 19. Nb5 f4 20. Na7+ Kc7 21. Nb5+ Kb6 22. a4 fxg3 23. hxg3 Nd2 24. Rfd1 Nef3+ 25.
gxf3 Nxf3+ 26. Kh1 Qc6 27. Ng1 Nh4+ 28. f3 Nxf3 29. Rxd8 Nh4+ 30. Rd5 Qxd5+ 0-1

[Event "*** Titled Tuesday Blitz"]
[Site "Chess.com"]
[Date "2021.04.20"]
[Round "6"]
[White "Fraler15"]
[Black "energie73"]
[Result "1/2-1/2"]
[WhiteElo "2210"]
[BlackElo "2337"]
[TimeControl "180+1"]
[EndTime "11:05:15 PDT"]
[Termination "Game drawn by repetition"]

1. e4 e6 2. d4 d5 3. e5 c5 4. c3 Nc6 5. Nf3 Bd7 6. Na3 f6 7.
Bd3 Nh6 8. Bxh6 gxh6 9. Nh4 fxe5 10.
Qh5+ Ke7 11. dxe5 Qe8 12. Qe2 Bg7 13. f4 Rf8 14. O-O a6 15. Bxh7 Kd8 16. Bg6 Qe7 17.
g3 Kc7 18. Bc2 Be8 19. Rab1 Rd8 20. Rbd1 Rg8 21. Bb1 h5 22. Kh1 Bf8 23. Nc2 Qg7 24. b4 Be7 25. bxc5 Bxh4 26. gxh4 Qg4 27. Qxg4 Rxg4 28. Nd4 Nxd4 29. cxd4 Rxh4 30. f5 exf5 31. Bxf5 Bb5 32. Rf2 Rf8 33. Kg2 Rg8+ 34. Kf3 Rg5 35. Be6 Bc4 36. Rdd2 Rg6 37. Bf5 Rg5 38. Be6 Rg6 39.
Bf5 Rg5 40. Be6 1/2-1/2

[Event "*** Titled Tuesday Blitz"]
[Site "Chess.com"]
[Date "2021.04.20"]
[Round "6"]
[White "KeithArkell"]
[Black "ViktoriyaTarasova"]
[Result "1-0"]
[WhiteElo "2602"]
[BlackElo "2433"]
[TimeControl "180+1"]
[EndTime "11:05:16 PDT"]
[Termination "KeithArkell won by resignation"]

1. d4 Nf6 2. Nf3 e6 3. c4 b6 4. g3 Ba6 5. b3 d5 6. cxd5 exd5 7.
Bg2 Bb4+ 8. Bd2 Be7 9. O-O O-O 10. Nc3 Nbd7 11. Bf4 c6 12. Ne5 Rc8 13. Rc1 Ba3 14. Rc2 Nxe5 15. Bxe5 Nd7 16. Bf4 Re8 17. Re1 Nf6 18.
Bh3 Ra8 19. Nb1 Bb4 20. Bd2 Bxd2 21. Nxd2 Qd6 22. Nf3 Bc8 23. Bxc8 Raxc8 24. Qd3 Rc7 25. Qa6 Rec8 26. Rec1 Nd7 27. Kg2 h6 28. h4 Nb8 29. Qd3 Nd7 30. Qf5 Qe6 31. Qxe6 fxe6 32. b4 Kf7 33. g4 Ke7 34. Kg3 Kd6 35. h5 c5 36. bxc5+ bxc5 37. Rb2 cxd4 38. Rxc7 Rxc7 39.
Nxd4 Rc3+ 40. e3 a6 41. Rb7 Ra3 42. Rb2 Nc5 43. Rb6+ Ke7 44. Rc6 Ne4+ 45. Kf4 Rxa2 46. Rxe6+ Kf7 47. f3 Nf6 48. Rb6 a5 49. Kf5 Ra3 50.
Rb7+ Kg8 51. Kg6 Rxe3 52. Rxg7+ Kf8 53. Kxf6 Rxf3+ 54. Nxf3 1-0

[Event "*** Titled Tuesday Blitz"]
[Site "Chess.com"]
[Date "2021.04.20"]
[Round "6"]
[White "narutosmith"]
[Black "Zq1"]
[Result "1-0"]
[WhiteElo "2343"]
[BlackElo "2523"]
[TimeControl "180+1"]
[EndTime "11:05:17 PDT"]
[Termination "narutosmith won by resignation"]

1. d4 Nf6 2. c4 a6 3. Nc3 c5 4. d5 b5 5. e4 b4 6. e5 bxc3 7. exf6 cxb2 8. Bxb2 Qa5+ 9. Qd2 Qxd2+ 10. Kxd2 gxf6 11. Nf3 Bh6+ 12. Kc2 d6 13. Bd3 Nd7 14.
Bf5 Ne5 15. Bxc8 Rxc8 16. Bxe5 fxe5 17. Rab1 Kd7 18. Rb6 Rb8 19. Rhb1 Rxb6 20. Rxb6 Ra8 21. Rb7+ Kd8 22. Nh4 Bf8 23. Nf5 Kc8 24. Rb6 e6 25. Nxd6+ Kc7 26. Rc6+ Kd7 27. Nxf7 exd5 28. cxd5 e4 29.
Ne5+ Ke7 30. Re6+ Kd8 31. d6 Ra7 32. d7 Be7 33. Rxe7 Kxe7 34. Nc6+ Kxd7 35. Nxa7 Kc7 36. Kd2 Kb7 37. Ke3 Kxa7 38. Kxe4 Kb6 39. Kd3 Kb5 40.
f4 Kb4 41. f5 c4+ 42. Kc2 Kc5 43. g4 Kd5 44. Kc3 a5 45. a4 Kc5 46. g5 1-0

[Event "*** Titled Tuesday Blitz"]
[Site "Chess.com"]
[Date "2021.04.20"]
[Round "6"]
[White "c_r_e_e_p_e_r"]
[Black "AthanasiusLefebvre"]
[Result "1-0"]
[WhiteElo "2365"]
[BlackElo "2048"]
[TimeControl "180+1"]
[EndTime "11:05:17 PDT"]
[Termination "c_r_e_e_p_e_r won on time"]

1. e4 c5 2. Nf3 e6 3. d4 cxd4 4. Nxd4 a6 5. Bd3 Qc7 6. O-O b5 7. Nc3 Nf6 8. Qe2 Bb7 9. e5 Nd5 10. Nxd5 Bxd5 11. Bf4 Nc6 12. c3 Bc5 13. Nb3 Ba7 14.
Qg4 O-O-O 15. Qg3 g5 16. Bxg5 Rdg8 17. a4 h6 18. Bf6 Rxg3 19. hxg3 Rg8 20. Nd2 Nxe5 21.
Be4 Bxe4 22. Nxe4 Ng4 23. axb5 Nxf6 24. Nxf6 Rxg3 25. Ne4 Rg6 26. Rxa6 f5 27. Nd6+ Kb8 28. Rfa1 Bxf2+ 29. Kxf2 Qc5+ 30. Kf1 1-0

[Event "*** Titled Tuesday Blitz"]
[Site "Chess.com"]
[Date "2021.04.20"]
[Round "6"]
[White "Grandmaster1369"]
[Black "chessdiamant"]
[Result "1-0"]
[WhiteElo "2599"]
[BlackElo "2330"]
[TimeControl "180+1"]
[EndTime "11:05:18 PDT"]
[Termination "Grandmaster1369 won by resignation"]

1. e4 c5 2. Nf3 Nc6 3. Bb5 g6 4. Bxc6 dxc6 5. d3 Bg7 6. h3 Nf6 7. Nc3 O-O 8. Be3 b6 9. Qd2 e5 10. O-O Qd6 11. Nh2 Nh5 12. Ne2 f5 13. exf5 gxf5 14.
f4 e4 15. dxe4 Qxd2 16. Bxd2 fxe4 17. g4 Nf6 18. Bc3 Ba6 19. Rfe1 Nd5 20. Bxg7 Kxg7 21. f5 Rae8 22. Ng3 e3 23. Rad1 Nf4 24. Rd7+ Rf7 25.
Rxf7+ Kxf7 26. Nf3 Nxh3+ 27. Kh2 Nf2 28. g5 Ng4+ 29. Kh3 Nf2+ 30. Kg2 Ng4 31. Rh1 e2 32. Rxh7+ Kg8 33. Rh1 Ne3+ 34. Kf2 Nxc2 35. Ne1 Nd4 36. f6 Kf7 37. Rh7+ Kg8 38. f7+ Kxh7 39. fxe8=Q Bc4 40. g6+ Kh6 41. Qe3+ Kxg6 42. Nf3 Nxf3 43. Qxf3 b5 44. Qf5+ Kg7 45. Qxc5 Kh6 46. Qxc6+ Kg5 47. Qb7 Kf4 48. Nxe2+ Bxe2 49. Kxe2 a5 50. Qxb5 a4 51. Qxa4+ 1-0